 Dungeon Crawl Stone Soup version 0.30-a0-900-g23479c02f2 (webtiles) character file.

Game seed: 8355577025119316028

356 buddhastalin the Poker (level 6, -10/49 HPs)
             Began as a Demonspawn Gladiator on Mar 18, 2023.
             Mangled by a two-headed ogre
             ... wielding a +0 giant spiked club
              (22 damage)
             ... on level 4 of the Dungeon.
             The game lasted 00:07:07 (2656 turns).

buddhastalin the Poker (Demonspawn Gladiator)       Turns: 2656, Time: 00:07:07

Health: -10/49     AC: 13    Str: 14    XL:     6   Next: 36%
Magic:  6/6        EV:  7    Int: 12    God:
Gold:   231        SH:  0    Dex: 16    Spells: 5/5 levels left

rFire   . . .      SeeInvis .    a - +0 trident
rCold   . . .      Faith    .    (no shield)
rNeg    . . .      Spirit   .    f - +0 chain mail
rPois   .          Reflect  .    c - +0 helmet
rElec   .          Rampage  .    (no cloak)
rCorr   .                        (no gloves)
Will    .....                    (no boots) Stlth
                                 i - amulet of the acrobat
HPRegen 0.28/turn                x - +4 ring of protection
MPRegen 0.10/turn                (no ring)

@: no status effects
A: hooves 1, thin skeletal structure 1, demonic guardian 1, spiny 1
a: no special abilities


You were on level 4 of the Dungeon.
You visited 1 branch of the dungeon, and saw 4 of its levels.

You collected 231 gold pieces.

Inventory:

Hand Weapons
 a - a +0 trident (weapon)
Armour
 c - a +0 helmet (worn)
 f - a +0 chain mail (worn)
Jewellery
 i - an amulet of the acrobat (around neck)
 w - a ring of ice
 x - a +4 ring of protection (left hand)
Wands
 d - a wand of polymorph (6)
Scrolls
 b - a scroll of brand weapon {unknown}
 j - 3 scrolls of teleportation {unknown}
 k - 4 scrolls of poison {unknown}
 l - 5 scrolls of identify {unknown}
 n - a scroll of immolation {unknown}
 p - 2 scrolls of blinking {unknown}
 v - a scroll of amnesia {unknown}
 y - 2 scrolls of vulnerability {unknown}
 z - a scroll of enchant weapon {unknown}
Potions
 g - a potion of attraction {unknown}
 h - a potion of heal wounds {unknown}
 m - a potion of haste {unknown}
 o - 2 potions of curing
 q - a potion of lignification
 r - a potion of brilliance {unknown}
 s - a potion of magic {unknown}
 t - a potion of invisibility {unknown}
 A - a potion of flight {unknown}
 B - a potion of mutation {unknown}


   Skills:
 * Level 4.5 Fighting
 * Level 4.7 Polearms
 - Level 1.7 Throwing
 + Level 1.8 Armour
 - Level 3.0 Dodging


You had 5 spell levels left.
You didn't know any spells.
Your spell library contained the following spells:

 Spells                   Type           Power      Damage    Failure   Level
 Slow                     Hex            0%         N/A       100%        1
 Confusing Touch          Hex            0%         N/A       100%        3
 Vampiric Draining        Necr           0%         2d6       100%        3


Dungeon Overview and Level Annotations

Branches:
Dungeon (4/15)
 Temple: D:4-7

Altars:
Makhleb
Vehumet

Annotations:
D:3 1 runed translucent door, domi's ghost, amateur DsCj


Innate Abilities, Weirdness & Mutations

You have large cloven feet.
You have a somewhat thin skeletal structure. (Dex +2, Stealth+)
A weak demonic guardian rushes to your aid.
You are partially covered in sharp spines.


Message History

The two-headed ogre looks even sicker.
The two-headed ogre struggles against the net.
Throw: dart (poison)
Press: ? - help, Q - select action, (/) - cycle Shift-Dir - straight line, f/p - two-headed ogre
Aim: a two-headed ogre, wielding a +0 giant spiked club and a +0 giant club (lightly wounded, entangled in a net, very poisoned, 93% to hit)
You throw a poisoned dart.
The poisoned dart hits the two-headed ogre.
The two-headed ogre looks even sicker.
The two-headed ogre is lightly wounded.
The two-headed ogre struggles against the net.
The net rips apart, and the two-headed ogre comes free!
Found 2 cyan potions.
The two-headed ogre attacks as you move away!
The two-headed ogre is struck by your spines.
The two-headed ogre completely misses you.
The two-headed ogre misses you.
You reach to attack!
You puncture the two-headed ogre!
The two-headed ogre is heavily wounded.
You hit the two-headed ogre.
The two-headed ogre is heavily wounded.
The two-headed ogre hits you with a +0 giant spiked club!
The two-headed ogre barely misses you.
You hit the two-headed ogre.
You kick the two-headed ogre, but do no damage.
The two-headed ogre is heavily wounded.
The two-headed ogre hits you but does no damage.
The two-headed ogre hits you with a +0 giant club!
You are too injured to fight recklessly!
You hit the two-headed ogre but do no damage.
The two-headed ogre is heavily wounded.
You barely miss the two-headed ogre. Your kick misses the two-headed ogre.
The two-headed ogre is heavily wounded.
The two-headed ogre is struck by your spines.
The two-headed ogre barely misses you.
The two-headed ogre hits you with a +0 giant club.
* * * LOW HITPOINT WARNING * * *
You barely miss the two-headed ogre.
The two-headed ogre is severely wounded.
The two-headed ogre hits you with a +0 giant spiked club!!
You die...

..# #...... .....####
#...(..
..##....#####......
.(#...............
#.'(..............
#............###
########....(......#..
#.....##.....####.....
#.###@##.....# #.....
#.O<#O##.....# #.....
.#####.......## #.....
#..!..'.......# ###...
#######.......# #...
#.......# #...
#.......# ####
#.......# #.......#


You could see a two-headed ogre (poisoned).

Vanquished Creatures
  A crimson imp (D:3)
  2 hounds
  A jelly (D:4)
  An orc priest (D:3)
  An adder (D:3)
  3 gnolls (D:4)
  3 dart slugs
  11 orcs
  7 bats
  3 endoplasms (D:2)
  2 giant cockroaches
  3 goblins
  6 hobgoblins
  2 quokkas
  2 ball pythons (D:2)
  6 frilled lizards
  4 kobolds
  7 rats
65 creatures vanquished.

Vanquished Creatures (collateral kills)
  An ogre (D:4)
  A quokka (D:1)
2 creatures vanquished.

Vanquished Creatures (others)
  2 plants (D:4)
2 creatures vanquished.

Grand Total: 69 creatures vanquished

Notes
Turn   | Place    | Note
-------+----------+-------------------------------------------
     0 | D:1      | buddhastalin the Demonspawn Gladiator began the quest for
                  | the Orb.
     0 | D:1      | Reached XP level 1. HP: 16/16 MP: 1/1
    96 | D:1      | You fall into a shaft and drop 1 floor!
   128 | D:2      | Gained mutation: A weak demonic guardian rushes to your
                  | aid. [demonic ancestry]
   128 | D:2      | Reached XP level 2. HP: 22/22 MP: 2/2
   550 | D:1      | Gained mutation: You have a somewhat thin skeletal
                  | structure. (Dex +2, Stealth+) [demonic ancestry]
   550 | D:1      | Reached XP level 3. HP: 28/28 MP: 3/3
  1275 | D:3      | Gained mutation: You are partially covered in sharp spines.
                  | [demonic ancestry]
  1275 | D:3      | Reached XP level 4. HP: 17/35 MP: 4/4
  1398 | D:3      | Found a runed translucent door.
  1401 | D:3      | Noticed domi's ghost (amateur DsCj)
  1607 | D:3      | Reached XP level 5. HP: 41/41 MP: 5/5
  1904 | D:3      | Found a burning altar of Makhleb.
  1905 | D:3      | Found a radiant altar of Vehumet.
  1911 | D:3      | Reached skill level 1 in Armour
  1998 | D:4      | Noticed a two-headed ogre
  2160 | D:4      | Noticed an ogre
  2187 | D:4      | HP: 2/63 [ogre/+0 giant club (11)]
  2188 | D:4      | Killed an ogre
  2189 | D:4      | Gained mutation: You have large cloven feet. [demonic
                  | ancestry]
  2189 | D:4      | Reached XP level 6. HP: 3/49 MP: 6/6
  2656 | D:4      | Mangled by a two-headed ogre

Illustrated notes

Levels and vault maps discovered:
D:1:      saegor_arrival_simple_a, layout_basic
D:2:      layout_rooms, grunt_ministairs_4, amcnicky_mini_pool_small
D:3:      layout_loops_ring, grunt_temple_overflow_lords_of_destruction,
          ebering_ghost_sewer_d
D:4:      layout_basic, hangedman_decor_opposing, kennysheep_cluttered_room,
          serial_bayou_pond_b, hangedman_minor_gate_pass

Skill      XL: |  1  2  3  4  5 |
---------------+----------------+-----
Polearms       | 3 4 |  4.7
Dodging        | 3 |  3.0
Fighting       | 3 4 |  4.5
Armour         | 1 |  1.8
Throwing       | |  1.7

Action                     |  1- 3 |  4- 6 || total
---------------------------+-------+-------++-------
  Melee: Trident           |   178 |    73 ||   251
         Kick              |       |     3 ||     3
  Throw: Dart              |       |     7 ||     7
         Throwing net      |       |     4 ||     4
         Javelin           |       |     1 ||     1
    Use: Potion            |       |     2 ||     2
   Stab: Held in net/web   |       |     3 ||     3
 Armour: Chain mail        |    78 |    18 ||    96
         Leather armour    |     1 |       ||     1
  Dodge: Dodged            |    65 |    28 ||    93

Table legend: (Time is in decaauts)
 A = Elapsed time spent in this place.
 B = Non-inter-level travel time spent in this place.
 C = Inter-level travel time spent in this place.
 D = Time resting spent in this place.
 E = Time spent auto-exploring this place.
 F = Levels seen in this place.
 G = Mean time per level.
                   A        B        C        D        E       F      G
               +--------+--------+--------+--------+--------+-----+--------+
         Total |   2687 |   2623 |     64 |    461 |   1529 |   4 |  671.8 |
       Dungeon |   2687 |   2623 |     64 |    461 |   1529 |   4 |  671.8 |
               +--------+--------+--------+--------+--------+-----+--------+

Top non-repeatable levels by time:
     D:3: 930 daAuts
     D:4: 669 daAuts
     D:2: 581 daAuts
     D:1: 506 daAuts
